AoeStats
← De_Witt

Arabia

508311287Analyzed
1v1 RM · 10d ago on Sep 21, 2026· 40m 56s· 2 players
Game mode
Random Map
Map size
Tiny (2 player)
Population
200
Speed
Normal
Resources
Standard
Victory
Conquest
Starting age
Dark Age
Ending age
Imperial Age
RankedLock teamsTeams togetherTeam positionsShared explorationLock speedFull tech treeHidden civsTurbo modeCheats
Victory
Defeat
🇦🇷 Huns · Argentina
1195
+17
🇨🇦 Vietnamese · Canada
1219
-17
De_Witt
6:36 Loom
9:27 Feudal Age
11:48 Forging
14:50 Double-Bit Axe
16:09 Scale Barding Armor
21:33 Castle Age
20:09 Gold Mining
20:28 Fletching
23:06 Bow Saw
23:04 Bodkin Arrow
25:28 Ballistics
27:41 Wheelbarrow
28:42 Thumb Ring
29:52 Hand Cart
34:23 Chain Barding Armor
37:36 Imperial Age
36:33 Iron Casting
36:42 Husbandry
37:41 Cavalier
39:28 Plate Barding Armor
38:18 Cavalier
40:28 Bloodlines
40:59 Town Watch
Ellie
7:31 Loom
10:05 Feudal Age
11:53 Double-Bit Axe
19:07 Horse Collar
24:16 Castle Age
23:13 Gold Mining
23:21 Fletching
23:32 Padded Archer Armor
24:17 Crossbowman
24:54 Bodkin Arrow
25:10 Thumb Ring
26:09 Bow Saw
31:06 Scale Barding Armor
31:11 Forging
31:17 Leather Archer Armor
31:47 Ballistics
32:12 Wheelbarrow
32:41 Bloodlines
32:31 Husbandry
39:00 Husbandry
Connection lost

Rejoining the realm…

Still unreachable

The connection could not be restored.

Session expired

The server has moved on; the page needs a fresh start.